Map: Dusk Towers

Players

BeaSt - Winner!

  • Race: Terran Terran
  • League: Master

Cereal

  • Race: Zerg Zerg
  • League: Master

VOD

Have the link to the VOD?

Description

Time

  • Played on: March 15, 2016, 4:36 p.m.
  • Length: 9:01
Show
View Real Time Build Order
Export as new Build Order

BeaSt Terran - Winner!

Build Orders: Reaper Expand, Hellion Banshee, MMM Bio 

Get SALT Encoding   

  12  0:00  SCV  
  13  0:13  SCV  
  14  0:17  Supply Depot  
  14  0:25  SCV  
  15  0:39  SCV  
  15  0:40  Barracks  
  16  0:45  Refinery  
  16  0:51  SCV  
  17  1:03  SCV  
  18  1:15  SCV  
  19  1:27  Orbital Command  
  19  1:29  Reaper  
  20  1:43  Command Center  
  20  1:52  Supply Depot  
  20  1:55  SCV  
  21  2:02  Marine  
  21  2:07  SCV  
  23  2:10  Factory  
  23  2:18  Refinery  
  23  2:19  SCV  
  24  2:24  Barracks Reactor  
  24  2:31  SCV  
  25  2:43  SCV  
  26  2:54  Orbital Command  
  26  2:55  SCV  
  26  2:58  Starport  
  27  3:07  Hellion, SCV  
  27  3:09  Hellion  
  32  3:17  Barracks Tech Lab  
  32  3:19  SCV  
  33  3:20  SCV  
  33  3:25  Supply Depot  
  34  3:31  SCV, Hellion x2  
  38  3:42  SCV  
  38  3:44  SCV  
  38  3:45  Banshee, Cloaking Field  
  38  3:47  Barracks Tech Lab  
  43  3:53  Hellion x2  
  43  3:54  SCV  
  48  3:56  SCV  
  49  4:04  Supply Depot  
  49  4:06  SCV  
  49  4:07  Marine  
  49  4:08  Stimpack, SCV  
  52  4:21  Command Center  
  52  4:23  SCV  
  52  4:24  SCV  
  54  4:30  Banshee  
  57  4:35  SCV  
  57  4:36  Marine  
  59  4:42  Supply Depot  
  59  4:45  Supply Depot  
  59  4:50  SCV x2  
  61  4:54  Barracks, Marine  
  61  4:57  Barracks  
  61  4:59  Factory Reactor  
  62  5:03  SCV x2, Supply Depot  
  64  5:12  Marine  
  65  5:16  SCV x2  
  63  5:27  Engineering Bay  
  63  5:28  SCV  
  62  5:29  Engineering Bay  
  58  5:41  SCV x2  
  58  5:45  SCV  
  59  5:50  Barracks x2  
  59  5:53  SCV  
  59  5:54  SCV  
  59  5:55  Terran Infantry Weapons Level 1, Starport Reactor, Terran Infantry Armor Level 1  
  58  5:58  Missile Turret  
  58  6:03  Orbital Command, Missile Turret  
  58  6:06  Missile Turret, Refinery  
  58  6:07  Marine  
  58  6:09  Refinery  
  59  6:13  Combat Shields, Marine x3  
  59  6:18  Factory Reactor  
  62  6:21  SCV  
  62  6:22  SCV  
  62  6:24  Supply Depot  
  64  6:35  Marine  
  64  6:36  Marine  
  64  6:39  Missile Turret  
  66  6:40  Liberator, Barracks Reactor x2  
  66  6:41  Liberator  
  66  6:42  Marine x2  
  66  6:43  Marine  
  66  6:46  Orbital Command  
  67  6:49  Missile Turret  
  67  6:50  SCV x2  
  67  6:53  Marine  
  67  6:54  Marine  
  70  7:00  Marine x3  
  78  7:11  Marine x2  
  78  7:13  SCV x2  
  78  7:15  SCV  
  83  7:16  Marine x3  
  83  7:17  Marine  
  83  7:18  Marine x3  
  90  7:29  Marine x2  
  87  7:34  Marine  
  87  7:35  SCV x3  
  87  7:36  Marine x3  
  94  7:39  Marine  
  94  7:40  Medivac, Widow Mine x2, Marine x2  
  94  7:41  Medivac  
  94  7:44  Armory  
  105  7:45  Supply Depot  
  105  7:47  Supply Depot, Marine x2  
  107  7:54  Marine x2, Refinery  
  109  8:06  Marine  
  109  8:10  Missile Turret  
  109  8:12  Marine x8  
  115  8:13  Widow Mine x2  
  115  8:19  SCV x2  
  124  8:24  Supply Depot x3, Marine  
  124  8:30  Marine  
  124  8:32  Missile Turret  
  125  8:37  Barracks  
  125  8:39  Barracks x2  
  125  8:47  Factory  
Show
View Real Time Build Order
Export as new Build Order

Cereal Zerg 

Build Orders: Hatch First 

Get SALT Encoding   

  12  0:00  Drone  
  13  0:12  Overlord  
  13  0:17  Drone  
  14  0:30  Drone x2  
  14  0:34  Drone  
  17  0:52  Hatchery  
  17  0:54  Drone  
  17  0:58  Drone  
  17  1:00  Extractor  
  17  1:06  Drone  
  18  1:16  Spawning Pool  
  17  1:20  Drone  
  18  1:28  Drone  
  19  1:38  Overlord  
  19  2:02  Metabolic Boost  
  19  2:03  Queen  
  19  2:04  Queen  
  19  2:05  Zergling x4  
  25  2:08  Zergling x2  
  25  2:13  Drone  
  27  2:16  Drone  
  27  2:21  Drone  
  29  2:26  Drone  
  30  2:33  Drone  
  31  2:41  Queen  
  31  2:43  Pneumatized Carapace  
  32  2:55  Overlord  
  32  2:57  Drone x2  
  32  2:58  Drone  
  35  3:02  Overlord  
  35  3:22  Lair  
  35  3:26  Extractor, Drone  
  35  3:27  Drone x6  
  41  3:48  Roach Warren  
  40  3:49  Drone  
  40  3:50  Drone x4  
  45  3:57  Overlord  
  45  4:00  Drone x5  
  45  4:01  Drone  
  51  4:04  Extractor  
  51  4:05  Zergling x2, Extractor  
  50  4:15  Zergling x2  
  51  4:24  Spore Crawler  
  51  4:26  Spore Crawler, Spire  
  51  4:30  Zergling x4  
  50  4:31  Spore Crawler  
  50  4:37  Overlord  
  49  4:41  Drone x2  
  49  4:42  Drone x2  
  49  4:44  Drone  
  54  4:50  Overlord  
  54  4:54  Drone  
  55  5:02  Drone  
  55  5:05  Overlord  
  55  5:17  Zergling x2  
  55  5:18  Zergling x12  
  58  5:27  Zergling x2  
  48  5:39  Mutalisk x4  
  48  5:40  Mutalisk  
  54  5:47  Drone x4  
  58  5:54  Drone  
  57  5:58  Zerg Flyer Weapons Level 1  
  57  6:06  Drone x2  
  57  6:07  Drone x2  
  61  6:11  Queen  
  61  6:16  Mutalisk  
  65  6:22  Overseer  
  65  6:23  Mutalisk  
  67  6:29  Drone x2  
  69  6:36  Mutalisk x2  
  69  6:37  Mutalisk  
  74  6:47  Drone  
  74  6:48  Baneling Nest  
  74  7:01  Overseer  
  71  7:21  Hatchery  
  70  7:25  Drone x7  
  74  7:33  Evolution Chamber  
  74  7:34  Drone x4  
  72  7:37  Evolution Chamber  
  71  7:47  Hatchery  
  71  7:48  Zergling x6  
  73  8:03  Mutalisk  
  73  8:04  Mutalisk  
  77  8:11  Infestation Pit, Drone x3  
  77  8:12  Drone x3  
  82  8:13  Baneling x3  
  82  8:14  Baneling x2  
  82  8:27  Zergling x2  
  82  8:29  Overlord x3  
  82  8:30  Overlord  
  83  8:41  Baneling x2  
  83  8:42  Zergling x8  
  83  8:43  Zergling x2  
  83  8:45  Overseer  
Tags
 
Add a new tag
Caveats
  • Supply blocks, unpowered buildings, or Contaminate may cause inaccurate times.
  • Supply counts are checked every 10 seconds.